 Dungeon Crawl Stone Soup version 0.22-a0-880-gb7b0c8b (webtiles) character file.

9191 Kuinu the Fighter (level 11, 0/99 HPs)
             Began as a Grey Draconian Warper on July 30, 2018.
             Was an Elder of Okawaru.
             Killed by divine providence
             ... invoked by an orc priest
              (11 damage)
             ... on level 10 of the Dungeon.
             The game lasted 00:31:34 (8976 turns).

Kuinu the Fighter (Grey Draconian Warper)           Turns: 8976, Time: 00:31:35

Health: 0/99       AC: 13    Str: 17    XL:     11   Next: 19%
Magic:  36/37      EV: 14    Int: 13    God:    Okawaru [****..]
Gold:   517        SH:  0    Dex: 11    Spells: 11/21 levels left

rFire    . . .     SeeInvis .   b - +6 short sword of Boto {pierce, MR+ MP+9 Stlth+}
rCold    . . .     Gourm    .   (no shield)
rNeg     . . .     Faith    .   (armour unavailable)
rPois    .         Spirit   .   (helmet restricted)
rElec    .         Reflect  .   (no cloak)
rCorr    .         Harm     .   (no gloves)
MR       +....                  l - +0 pair of boots
Stlth    ++........             h - amulet of regeneration
HPRegen  0.66/turn              u - ring of magical power
MPRegen  0.25/turn              (no ring)

@: drained
A: walk through water, unfitting armour, unbreathing, cold-blooded, AC +12
a: Heroism, Renounce Religion


You were on level 10 of the Dungeon.
You worshipped Okawaru.
Okawaru was greatly pleased with you.
You were hungry.

You visited 2 branches of the dungeon, and saw 11 of its levels.

You collected 517 gold pieces.

Inventory:

Hand Weapons
 a - a +0 falchion
 b - the +6 short sword of Boto (weapon) {pierce, MR+ MP+9 Stlth+}
   (You found it on level 4 of the Dungeon)

   It inflicts extra damage upon your enemies.
   It affects your resistance to hostile enchantments.
   It affects your magic capacity (+9).
   It makes you more stealthy.
 q - a cursed -1 whip
 x - a +0 long sword
 z - a +0 scimitar
 L - a +2 scimitar of flaming
Missiles
 d - 5 tomahawks of dispersal (quivered)
 m - 9 tomahawks
Armour
 l - a +0 pair of boots (worn)
Jewellery
 h - an amulet of regeneration (around neck)
 u - a ring of magical power (left hand)
 D - an uncursed amulet of harm
Wands
 A - a wand of polymorph (15)
 H - a wand of scattershot (6)
 I - a wand of digging (8)
 K - a wand of flame (33)
 M - a wand of iceblast (8)
Scrolls
 c - a scroll of blinking
 e - 9 scrolls of remove curse
 g - 2 scrolls of fear
 k - 4 scrolls of teleportation
 v - a scroll of enchant weapon {unknown}
 y - a scroll of holy word {unknown}
 B - a scroll of enchant armour {unknown}
 E - a scroll of vulnerability {unknown}
 F - a scroll of torment {unknown}
 N - a scroll of brand weapon {unknown}
 O - a scroll of fog {unknown}
Potions
 i - 3 potions of flight
 j - 3 potions of mutation
 n - 2 potions of heal wounds
 o - 2 potions of berserk rage
 p - 2 potions of curing
 r - 2 potions of ambrosia
 s - 2 potions of magic
 w - a potion of brilliance
 C - 2 potions of haste
Comestibles
 f - 25 rations
 t - 7 chunks of flesh


   Skills:
 * Level 10.0(9.1) Fighting
 * Level 9.1(8.2) Long Blades
 - Level 0.8(0.1) Throwing
 + Level 6.0(5.2) Dodging
 + Level 5.9(5.1) Spellcasting
 * Level 9.3(8.4) Translocations


You had 11 spell levels left.
You knew the following spells:

 Your Spells              Type           Power        Failure   Level  Hunger
a - Shroud of Golubria    Chrm/Tloc      ##........   4%          2    ##.....
b - Blink                 Tloc           N/A          1%          2    ##.....
c - Gell's Gravitas       Tloc           ####......   1%          3    ###....
d - Teleport Other        Tloc           ####....     1%          3    ###....

Your spell library contained the following spells:

 Spells                   Type           Power        Failure   Level  Hunger
 Passage of Golubria      Tloc           N/A          6%          4    ####...
 Lesser Beckoning         Tloc           ####......   1%          3    ###....


Dungeon Overview and Level Annotations

Branches:
Dungeon (10/15)            Temple (1/1) D:6            Lair (0/6) D:10
    Orc: D:9-12

Altars:
Ashenzari
Cheibriados
Dithmenos
Elyvilon
Fedhas
Gozag
Hepliaklqana
Kikubaaqudgha
Makhleb
Nemelex Xobeh
Okawaru
Qazlal
Ru
Sif Muna
Trog
Uskayaw
Vehumet
Wu Jian
Xom
Yredelemnul
Zin
The Shining One

Annotations:
D:2 2 transporters


Innate Abilities, Weirdness & Mutations

You can walk through water.
Your dull iron-grey scales are very hard. (AC +12)
You cannot fit into any form of body armour.
You can survive without breathing.
You are cold-blooded and may be slowed by cold attacks.


Message History

Confirm with . or Enter, or press ? or * to list all spells.
Space distorts slightly along a thin shroud covering your body.
You are feeling hungry.
The orc priest invokes the aid of Beogh against you.
Beogh smites you!
You hit the orc warrior.
You tail-slap the orc warrior, but do no damage.
The orc warrior is moderately wounded.
You hit the orc warrior but do no damage.
The orc warrior is moderately wounded.
The orc warrior hits you with a war axe!
* * * LOW HITPOINT WARNING * * *
Your shroud falls apart!
The orc priest mumbles some strange prayers to Beogh against you.
Beogh smites you!
* * * LOW HITPOINT WARNING * * *
You feel like a meek peon again.
The orc priest calls down the wrath of Beogh upon you.
Beogh smites you!
You die...

## # ### #.## .# ..####
#####...#... ..'..##
#......o....
..##..##########
#.........Y.
..###..#.......###
#.o)......o. ..#
##.'.......'.#
#..o#.o.#... ..#
###.......#@####{oY##8##
..# #.[.....#..oo)ooo#
## # ###
###'##########oo.....# #
## #...# #####+### # .#
#.### # .# ##+########
.######..........
######+### #
...##.'..........
#........# #
...##.#..........#
#........# #


You could see an orc warrior, an orc priest and 5 orcs.

Vanquished Creatures
  Erica (D:10)
  5 two-headed ogres
  Pikel (D:8)
  Psyche (D:8)
  A troll (D:10)
  A hippogriff (D:7)
  A wyvern (D:8)
  Sigmund (D:6)
  3 yaks (D:10)
  Menkaure (D:7)
  2 black bears
  An ice beast (D:5)
  8 orc warriors
  2 sky beasts
  2 necrophages (D:9)
  4 ogres
  A centaur (D:4)
  A big kobold (D:8)
  A scorpion (D:8)
  5 howler monkeys
  A quasit (D:9)
  2 crimson imps (D:9)
  A centaur zombie (D:9)
  5 jellies
  A hound (D:4)
  A centaur skeleton (D:8)
  5 orc priests
  Jessica (D:3)
  3 bullfrog skeletons
  9 orc wizards
  7 worker ants
  2 hound skeletons
  4 gnolls (D:7)
  12 adders
  A shadow imp (D:8)
  6 oozes
  4 worms
  4 dart slugs
  5 leopard geckos
  26 orcs
  5 giant cockroaches
  7 goblins
  6 hobgoblins
  3 jackals (D:3)
  4 quokkas
  A ball python (D:2)
  10 bats
  4 frilled lizards
  6 kobolds
  7 rats
196 creatures vanquished.

Vanquished Creatures (others)
  A slave (D:8)
  4 plants (D:10)
5 creatures vanquished.

Grand Total: 201 creatures vanquished

Notes
Turn   | Place    | Note
-------+----------+-------------------------------------------
     0 | D:1      | Kuinu the Draconian Warper began the quest for the Orb.
     0 | D:1      | Reached XP level 1. HP: 17/17 MP: 3/3
   131 | D:1      | Reached XP level 2. HP: 18/25 MP: 5/5
   145 | D:1      | Learned a level 2 spell: Shroud of Golubria
   148 | D:1      | Learned a level 2 spell: Blink
   598 | D:2      | Reached XP level 3. HP: 30/30 MP: 4/6
   686 | D:2      | Noticed a bullfrog
   687 | D:2      | Found a hazy altar of Hepliaklqana.
   692 | D:2      | Found a transporter.
   704 | D:2      | Found a transporter.
  1159 | D:2      | Found a deep blue altar of Sif Muna.
  1219 | D:3      | Reached skill level 3 in Fighting
  1307 | D:3      | Reached XP level 4. HP: 33/38 MP: 4/7
  1443 | D:3      | Found an ornate altar of the Wu Jian Council.
  1714 | D:3      | Noticed Jessica
  1721 | D:3      | Killed Jessica
  2030 | D:3      | Learned a level 3 spell: Gell's Gravitas
  2330 | D:4      | Reached XP level 5. HP: 42/45 MP: 8/8
  2573 | D:4      | Reached skill level 4 in Fighting
  2699 | D:4      | Reached XP level 6. HP: 52/52 MP: 6/10
  2719 | D:4      | Learned a level 3 spell: Teleport Other
  2969 | D:4      | Found a blossoming altar of Fedhas.
  3103 | D:4      | Got a smoking short sword
  3104 | D:4      | Identified the +6 short sword of Boto {pierce, MR+ MP+9 Stlth+} (You found it on level 4 of the Dungeon)
  3591 | D:4      | Your scales start taking on a dull iron-grey colour.
  3591 | D:4      | Reached XP level 7. HP: 50/60 MP: 11/11
  3591 | D:4      | Gained mutation: You can survive without breathing. [Grey Draconian growth]
  3625 | D:5      | Entered Level 5 of the Dungeon
  3931 | D:5      | Reached skill level 5 in Fighting
  3931 | D:5      | Reached skill level 5 in Translocations
  4370 | D:5      | Found a shattered altar of Ashenzari.
  4374 | D:5      | Found a stormy altar of Qazlal.
  4380 | D:5      | Found a sacrificial altar of Ru.
  4780 | D:6      | Noticed Sigmund
  4805 | D:6      | Reached skill level 5 in Long Blades
  4812 | D:6      | Reached XP level 8. HP: 46/69 MP: 13/13
  5020 | D:6      | Found a staircase to the Ecumenical Temple.
  5046 | D:6      | Killed Sigmund
  5046 | D:6      | Reached skill level 6 in Fighting
  5064 | Temple   | Entered the Ecumenical Temple
  5233 | Temple   | Became a worshipper of Warmaster Okawaru
  5905 | D:7      | Noticed a hippogriff
  6163 | D:7      | Noticed Menkaure
  6183 | D:7      | Killed Menkaure
  6183 | D:7      | Reached * piety under Okawaru
  6407 | D:7      | Killed a hippogriff
  6407 | D:7      | Reached XP level 9. HP: 76/78 MP: 15/15
  6412 | D:7      | Reached skill level 7 in Fighting
  6802 | D:8      | Noticed a two-headed ogre
  6826 | D:8      | Killed a two-headed ogre
  6832 | D:8      | Noticed a two-headed ogre
  7053 | D:8      | Reached ** piety under Okawaru
  7171 | D:8      | Noticed Pikel
  7212 | D:8      | Killed Pikel
  7212 | D:8      | Reached skill level 8 in Fighting
  7212 | D:8      | Reached skill level 5 in Dodging
  7268 | D:8      | Noticed Psyche
  7278 | D:8      | Killed Psyche
  7278 | D:8      | Reached XP level 10. HP: 78/89 MP: 17/17
  7608 | D:9      | Reached skill level 5 in Spellcasting
  7771 | D:9      | Reached *** piety under Okawaru
  7815 | D:9      | Found an iron altar of Okawaru.
  7828 | D:9      | Noticed a two-headed ogre
  7841 | D:9      | Killed a two-headed ogre
  7889 | D:9      | Noticed a two-headed ogre
  7897 | D:9      | Killed a two-headed ogre
  7897 | D:9      | Reached skill level 9 in Fighting
  7943 | D:9      | Reached **** piety under Okawaru
  8017 | D:9      | Noticed a two-headed ogre
  8029 | D:9      | Killed a two-headed ogre
  8081 | D:9      | Noticed a two-headed ogre
  8095 | D:9      | Killed a two-headed ogre
  8260 | D:10     | Entered Level 10 of the Dungeon
  8354 | D:10     | Found an ornate altar of the Wu Jian Council.
  8360 | D:10     | Noticed Erica
  8373 | D:10     | Killed Erica
  8373 | D:10     | Reached XP level 11. HP: 62/99 MP: 19/19
  8476 | D:10     | Found a staircase to the Lair.
  8675 | D:10     | Reached ***** piety under Okawaru
  8959 | D:10     | Reached skill level 10 in Fighting
  8976 | D:10     | Killed from afar by an orc priest

Vault maps used:
D:1:      minmay_arrival_up_and_down
D:2:      minmay_door_path, gammafunk_temple_overflow_arena, led_sif_pool
D:3:      nicolae_overflow_hidden_temple, serial_glass, glass_columns_b,
          glass_columns_a, minmay_misc_feat_cross, uniq_jessica
D:4:      fedhas_bush_and_centaur_altar
D:5:      minmay_overflow_temple_star_quad, first_ration,
          guppyfry_early_orc_mine
D:6:      minmay_temple_entry_glassed_door, uniq_sigmund
D:7:      black_bear_nest_2, uniq_menkaure
D:8:      grunt_ministairs_15, uniq_psyche, uniq_pikel
D:9:      hangedman_little_slice_of_home, okawaru_gym_becter
D:10:     david_lair_shrubbed, david_orc_4, basic_altar, grunt_decor_one_mirror,
          uniq_erica
Temple:   eino_temple_scatter_basement

Skill      XL: |  1  2  3  4  5  6  7  8  9 10 11 |
---------------+----------------------------------+-----
Fighting       | 3 4 5 6 8 9 10 | 10.0
Long Blades    | 3 4 5 6 7 8 9 |  9.1
Translocations | 4 5 6 7 9 |  9.3
Dodging        | 3 4 5 6 |  6.0
Spellcasting   | 3 4 5 |  5.9
Throwing       | |  0.8

Action                   |  1- 3 |  4- 6 |  7- 9 | 10-12 || total
-------------------------+-------+-------+-------+-------++-------
Melee: Falchion          |    91 |   175 |       |       ||   266
       Tailslap          |    12 |    26 |    30 |    28 ||    96
       Short sword       |       |    11 |   260 |   222 ||   493
       Punch             |       |       |     3 |     2 ||     5
 Cast: Shroud of Golubri |     3 |    13 |    30 |    21 ||    67
       Gell's Gravitas   |       |     6 |    14 |    18 ||    38
       Blink             |       |     1 |     1 |       ||     2
Invok: Heroism           |       |       |     5 |    13 ||    18
  Use: Scroll            |       |     6 |       |     9 ||    15
       Potion            |       |     1 |       |       ||     1
 Stab: Sleeping          |       |       |     3 |     3 ||     6
  Eat: Chunk             |     2 |     6 |    11 |     8 ||    27
       Ration            |       |     1 |     1 |       ||     2
Armor: Skin              |    28 |    70 |    63 |    56 ||   217
Dodge: Dodged            |    74 |   143 |   145 |   123 ||   485
       Rpst.: Falchion   |    23 |    44 |       |       ||    67

Table legend:
 A = Spawn XP
 B = Non-spawn XP
 C = Spawn XP percentage of total XP
 D = Spawn monster count
 E = Non-spawn monster count
 F = Spawn count percentage of total count
 G = Total turns spent on level
                    A         B        C        D         E        F      G
               +---------+---------+-------+---------+---------+-------+---------
         Total |       0 |   13131 |   0.0 |       0 |     196 |   0.0 |  8976
               +---------+---------+-------+---------+---------+-------+---------
           D:1 |       0 |      29 |   0.0 |       0 |      15 |   0.0 |   412
           D:2 |       0 |      42 |   0.0 |       0 |      18 |   0.0 |   803
           D:3 |       0 |     113 |   0.0 |       0 |      24 |   0.0 |   966
           D:4 |       0 |     549 |   0.0 |       0 |      24 |   0.0 |  1444
           D:5 |       0 |     550 |   0.0 |       0 |      16 |   0.0 |  1123
           D:6 |       0 |     832 |   0.0 |       0 |      12 |   0.0 |   936
           D:7 |       0 |    1143 |   0.0 |       0 |      19 |   0.0 |  1120
           D:8 |       0 |    2640 |   0.0 |       0 |      17 |   0.0 |   511
           D:9 |       0 |    4499 |   0.0 |       0 |      26 |   0.0 |   762
          D:10 |       0 |    2734 |   0.0 |       0 |      25 |   0.0 |   716
               +---------+---------+-------+---------+---------+-------+---------
